 Dungeon Sprint DCSS version 0.28.0-43-g3370ac3207 (webtiles) character file.

Game seed: 7595451003315473556

21653 boopmooplesden the Slayer (level 12, -21/111 HPs)
             Began as a Minotaur Berserker on Mar 27, 2022.
             Was the Champion of Trog.
             Killed from afar by Tiamat (44 damage)
             ... with a bolt of dispelling energy
             ... in the Dungeon (Sprint I: "Red Sonja").
             The game lasted 00:09:47 (4850 turns).

boopmooplesden the Slayer (Minotaur Berserker)      Turns: 4850, Time: 00:09:47

Health: -21/111    AC:  9    Str: 29    XL:     12   Next: 56%
Magic:  9/9        EV: 15    Int:  3    God:    Trog [******]
Gold:   1236       SH:  0    Dex: 15    Spells: 11/11 levels left

rFire   + . .      SeeInvis .   d - +11 great mace "Uneuzuip" {protect, Fragile Fly rN+ Str+9}
rCold   + . .      Faith    .   (shield currently unavailable)
rNeg    + . .      Spirit   .   s - +0 chain mail of Resourcefulness {rF+ rC+ Int+3}
rPois   .          Reflect  .   (helmet restricted)
rElec   .          Harm     .   o - +0 cloak {rCorr}
rCorr   +          Rampage  .   m - +0 pair of gloves
Will    .....      NoTele   +   q - +2 pair of boots
Stlth   ..........              (no amulet)
HPRegen 0.28/turn               (no ring)
MPRegen 0.11/turn               (no ring)

@: corroded, flying, hasted (expiring), glowing, unable to read, very quick
A: horns 2, retaliatory headbutt, deformed body, dopey 2, frail 2, low MP 1,
screaming 1, weak 1, no potion heal 1, subdued magic 2, inability to read while
threatened
0: Orb of Zot
a: Renounce Religion, Berserk, Trog's Hand, Brothers in Arms


You were in the Dungeon.
You worshipped Trog.
Trog was exalted by your worship.
You visited 1 branch You collected 3901 gold pieces.
You spent 2665 gold pieces at shops.

Inventory:

Hand Weapons
 a - a +0 mace
 c - a +4 dire flail of flaming
 d - the +11 great mace "Uneuzuip" (weapon) {protect, Fragile Fly rN+ Str+9}
   (You bought it in a shop in the Dungeon)

   It grants its wielder temporary protection when it strikes (+7 to AC).
   Str:       It affects your strength (+9).
   rN:        It protects you from negative energy.
   Fly:       It grants you flight.
   Fragile:   It will be destroyed if unequipped.
 r - the +7 flail of Chaos {vorpal, +Blink rF- Dex+4}
   (You bought it in a shop in the Dungeon)

   It inflicts extra damage upon your enemies.
   Dex:       It affects your dexterity (+4).
   rF:        It makes you vulnerable to fire.
   +Blink:    It lets you blink.
 v - a +2 antimagic dire flail
Armour
 b - a +0 animal skin
 j - a +0 ring mail
 k - a +0 cloak
 l - a +0 pair of boots
 m - a +0 pair of gloves (worn)
 o - a +0 cloak of preservation (worn)
 p - the +1 scale mail of Virtue {rF+++ Str-5 Slay+5}
   (You bought it in a shop in the Dungeon)

   Str:       It affects your strength (-5).
   Slay:      It affects your accuracy & damage with ranged weapons and melee
   (+5).
   rF:        It renders you almost immune to fire.
 q - a +2 pair of boots (worn)
 s - the +0 chain mail of Resourcefulness (worn) {rF+ rC+ Int+3}
   (You bought it in a shop in the Dungeon)

   Int:       It affects your intelligence (+3).
   rF:        It protects you from fire.
   rC:        It protects you from cold.
Jewellery
 w - an amulet of reflection
Wands
 i - a wand of iceblast (6)
 z - a wand of digging (5)
Scrolls
 h - a scroll of blinking
 u - a scroll of immolation
 x - a scroll of enchant weapon {unknown}
 y - a scroll of fog {unknown}
Potions
 e - a potion of haste
 f - 2 potions of magic
 g - a potion of berserk rage
 t - 3 potions of curing
Miscellaneous
 n - a piece from Xom's chessboard (15/15)


   Skills:
 + Level 22.3 Fighting
 + Level 22.1 Maces & Flails
 + Level 17.4 Armour
 + Level 13.4 Dodging
 + Level 5.0 Stealth


You had 11 spell levels left.
You didn't know any spells.
Your spell library was empty.

Dungeon Overview and Level Annotations

Branches:
Dungeon (1/1)

Altars:
Cheibriados
Dithmenos
Elyvilon
Fedhas
Gozag
Hepliaklqana
Kikubaaqudgha
Makhleb
Nemelex Xobeh
Okawaru
Qazlal
Ru
Sif Muna
Trog
Uskayaw
Vehumet
Wu Jian
Xom
Yredelemnul
Zin
The Shining One
Jiyva
Lugonu

Shops:
D =*!*:?[[=[[!*[*(?[([*

Annotations:
D Tiamat


Innate Abilities, Weirdness & Mutations

You have a pair of horns on your head.
You reflexively headbutt those who attack you in melee.
Armour fits poorly on your strangely shaped body.
You are very dopey. (Int -4)
You are very frail. (-20% HP)
Your magical capacity is low. (-10% MP)
You occasionally shout uncontrollably at your foes.
You are weak. (Str -2)
Potions are less effective at restoring your health.
Your spells are easier to cast, but less powerful.
You sometimes lose the ability to read scrolls when taking damage.


Message History

An iron grate.
The damaged grate falls apart.
Tiamat, Avatar of the Dragonlord comes into view.
She is wielding a +1 vorpal glaive and wearing the +4 dragonskin cloak.
Tiamat roars!
You see here the Orb of Zot.
You pick up the Orb of Zot!
The Orb lets out a hideous shriek!
The lords of Pandemonium are not amused.
Beware!
Now all you have to do is get back out of the dungeon!
Something screams, "Decamp, thou loggerheaded rump-fed guttersnipe!"
Tiamat breathes dispelling energy at you.
The bolt of dispelling energy hits you!!
You feel threatened and lose the ability to read scrolls!
Tiamat spits acid at you. The glob of acid hits you. You resist.
The acid corrodes you!
You cannot read scrolls in your current state!
You can read scrolls again.
A hellion comes into view.
Tiamat spits acid at you. The glob of acid hits you! You resist.
You feel threatened and lose the ability to read scrolls!
* * * LOW HITPOINT WARNING * * *
The acid corrodes you!
You beat the hellion like a drum!!!
Your weapon exudes an aura of protection.
You kill the hellion!
Trog accepts your kill. Tiamat spits acid at you. The glob of acid hits you!
You resist.
* * * LOW HITPOINT WARNING * * *
The acid corrodes you!
Things that are here:
a +2 great sword of flaming; a fire giant corpse
Items here: ))) †.
There is an open door, spattered with blood here.
You see here a +4 hand axe of flaming.
You feel yourself speed up.
Tiamat breathes dispelling energy at you.
The bolt of dispelling energy hits you!!!
Your magical effects are unravelling.
You die...

'.).#.B#.§.§'.§§§§.'..#§.§..§§#
#)..##'#§####§.§.§##..').#..§§##
#..)).§#§# ##§.§#######)#.§.§.#
#####.g'.# ###'# ?/##..#§§§§.#
#..##'#### #.##$$$#..##§§§§#
'..#... #..###$#..≈###+##
#..#..○. ##.#A#$#..≈)[#
##'###°.. #..###$#..≈.##
##.'.#°°.# #@##..$#..≈##
.###.#○.## #..#+###..≈# .∩##.#
##...#.≈..## ####.# ###.#.≈).#
§.##§# #d###).# .§.'§# #.#.'..#
####§# ####)#.##'# §.§#§#####
###.)).#. ≈≈≈#
§§#'§#.(.#####.d.#### ≈≈≈≈#


You could see Tiamat (catching breath) and a daeva.

Vanquished Creatures
  4 fire giants (D)
  A deep elf annihilator (D)
  A mummy priest (D)
  A hydra (D)
  2 centaur warriors (D)
  Sonja (D)
  A deep troll (D)
  A lindwurm (D)
  8 shining eyes (D)
  2 oklob plants (D)
  2 merfolk sirens (D)
  2 gargoyles (D)
  A hellion (D)
  4 demonic crawlers (D)
  2 kobold demonologists (D)
  7 unseen horrors (D)
  A hellwing (D)
  4 hornets (D)
  A slime creature (D)
  A yak (D)
  Sigmund (D)
  13 hogs (D)
  2 redbacks (D)
  7 floating eyes (D)
  7 necrophages (D)
  An ogre (D)
  8 jellies (D)
  Ijyb (D)
87 creatures vanquished.

Vanquished Creatures (others)
  A hornet (D)
  2 ballistomycete spores (D)
3 creatures vanquished.

Grand Total: 90 creatures vanquished

Notes
Turn   | Place    | Note
-------+----------+-------------------------------------------
     0 | D        | boopmooplesden the Minotaur Berserker began the quest for
                  | the Orb.
     0 | D        | Reached XP level 1. HP: 19/19 MP: 0/0
     2 | D        | Noticed Ijyb
     8 | D        | Killed Ijyb
     9 | D        | Reached skill level 5 in Fighting
     9 | D        | Reached skill level 5 in Maces & Flails
     9 | D        | Reached XP level 2. HP: 29/29 MP: 1/1
   159 | D        | Noticed an ogre
   165 | D        | Killed an ogre
   166 | D        | Reached XP level 3. HP: 29/39 MP: 2/2
   166 | D        | Reached XP level 4. HP: 36/47 MP: 3/3
   308 | D        | Noticed Sigmund
   311 | D        | Killed Sigmund
   311 | D        | Reached ** piety under Trog
   312 | D        | Reached skill level 10 in Maces & Flails
   312 | D        | Reached skill level 5 in Armour
   312 | D        | Reached skill level 5 in Dodging
   312 | D        | Reached XP level 5. HP: 57/57 MP: 4/4
   489 | D        | Found a burning altar of Makhleb.
   489 | D        | Found a viscous altar of Jiyva.
   489 | D        | Found a shimmering altar of Xom.
   489 | D        | Found a corrupted altar of Lugonu.
   489 | D        | Noticed a slime creature
   495 | D        | Killed a slime creature
   496 | D        | Reached skill level 10 in Fighting
   496 | D        | Reached XP level 6. HP: 67/67 MP: 5/5
   651 | D        | Noticed a kobold demonologist
   652 | D        | Noticed a floating eye
   653 | D        | Noticed a kobold demonologist
   654 | D        | Noticed a chaos spawn
   657 | D        | Paralysed by a floating eye for 4 turns
   659 | D        | Noticed a ynoxinul
   663 | D        | Noticed a smoke demon
   663 | D        | Killed a floating eye
   664 | D        | Reached skill level 1 in Stealth
   664 | D        | Reached XP level 7. HP: 74/74 MP: 6/6
   664 | D        | Killed a kobold demonologist
   664 | D        | Reached *** piety under Trog
   665 | D        | Noticed a ynoxinul
   667 | D        | Killed a kobold demonologist
   668 | D        | Reached XP level 8. HP: 85/85 MP: 7/7
   816 | D        | Found an ornate altar of the Wu Jian Council.
   816 | D        | Found a shimmering blue altar of Sif Muna.
   818 | D        | Found a radiant altar of Vehumet.
   855 | D        | Found Eriuruir's General Store.
   855 | D        | Found an ancient bone altar of Kikubaaqudgha.
   855 | D        | Found a hazy altar of Hepliaklqana.
   855 | D        | Found a hide-covered altar of Uskayaw.
   855 | D        | Found a basalt altar of Yredelemnul.
   855 | D        | Found an opulent altar of Gozag.
   855 | D        | Found a snail-covered altar of Cheibriados.
   855 | D        | Found a sacrificial altar of Ru.
   855 | D        | Found a shadowy altar of Dithmenos.
   859 | D        | Reached **** piety under Trog
   860 | D        | Found a stormy altar of Qazlal.
   860 | D        | Found a blossoming altar of Fedhas.
   860 | D        | Found a bloodstained altar of Trog.
   860 | D        | Found an iron altar of Okawaru.
   860 | D        | Found a glowing golden altar of the Shining One.
   860 | D        | Found a glowing silver altar of Zin.
   860 | D        | Found a white marble altar of Elyvilon.
   861 | D        | Found a sparkling altar of Nemelex Xobeh.
   874 | D        | Noticed a centaur warrior
   874 | D        | Noticed a centaur warrior
   880 | D        | Killed a centaur warrior
   881 | D        | Reached skill level 15 in Maces & Flails
   884 | D        | Killed a centaur warrior
   885 | D        | Reached XP level 9. HP: 53/96 MP: 8/8
  1205 | D        | Noticed a deep troll
  1210 | D        | Killed a deep troll
  1211 | D        | Reached skill level 15 in Fighting
  1211 | D        | Reached skill level 10 in Armour
  1222 | D        | Found Hulorax's Armour Emporium.
  1226 | D        | Bought a +0 pair of boots for 63 gold pieces
  1272 | D        | Noticed an oklob plant
  1278 | D        | Killed an oklob plant
  1294 | D        | Reached ***** piety under Trog
  1704 | D        | Killed an unseen horror
  1705 | D        | Reached XP level 10. HP: 108/108 MP: 9/9
  1922 | D        | Reached skill level 10 in Dodging
  1938 | D        | Reached ****** piety under Trog
  2108 | D        | Received a gift from Trog
  2143 | D        | Identified the +2 robe "Tibowupea" {Will- Int-3 Dex+9
                  | Stlth+}
  2153 | D        | Found Duot's Antique Armour Shoppe.
  2153 | D        | Found Cicocoeh's Antique Armour Shop.
  2153 | D        | Found Gerghojee's Jewellery Boutique.
  2155 | D        | Found Roib's Antique Armour Emporium.
  2155 | D        | Found Xozax's Armour Shop.
  2155 | D        | Found Xaotadd's Distillery.
  2155 | D        | Found Tuonuifi's Assorted Antiques.
  2155 | D        | Found Nonexizo's Antique Armour Emporium.
  2155 | D        | Found Siagec Bext's Assorted Antiques.
  2155 | D        | Found Kuskog's Weapon Shoppe.
  2157 | D        | Bought a runed cloak for 180 gold pieces
  2168 | D        | Bought a bloodstained scale mail for 198 gold pieces
  2168 | D        | Identified the +1 scale mail of Virtue {rF+++ Str-5 Slay+5}
                  | (You bought it in a shop in the Dungeon)
  2179 | D        | Found Xaniemeo's Magic Scroll Boutique.
  2180 | D        | Found Akoab's Antique Weapon Emporium.
  2180 | D        | Found Optal's Armour Boutique.
  2181 | D        | Found Aquel's General Store.
  2186 | D        | Bought a pair of runed boots for 202 gold pieces
  2197 | D        | Bought a brightly glowing flail for 170 gold pieces
  2197 | D        | Identified the +7 flail of Chaos {vorpal, +Blink rF- Dex+4}
                  | (You bought it in a shop in the Dungeon)
  2201 | D        | Bought the +0 chain mail of Resourcefulness {rF+ rC+ Int+3}
                  | for 349 gold pieces
  2247 | D        | Noticed Sonja
  2256 | D        | Killed Sonja
  2463 | D        | Found Jofeu's Jewellery Boutique.
  2802 | D        | Noticed a shining eye
  2802 | D        | Noticed a shining eye
  2802 | D        | Noticed a shining eye
  2803 | D        | Gained mutation: Potions are less effective at restoring
                  | your health. [a shining eye]
  2803 | D        | Paralysed by a floating eye for 4 turns
  2813 | D        | Paralysed by a floating eye for 4 turns
  2822 | D        | Killed a shining eye
  2826 | D        | Killed a shining eye
  2827 | D        | Noticed a shining eye
  2828 | D        | Gained mutation: You are frail. (-10% HP) [a shining eye]
  2830 | D        | Killed a shining eye
  2831 | D        | Noticed a shining eye
  2831 | D        | Noticed a shining eye
  2833 | D        | Killed a shining eye
  2835 | D        | Gained mutation: You are very frail. (-20% HP) [a shining
                  | eye]
  2836 | D        | Killed a shining eye
  2836 | D        | Received a gift from Trog
  2837 | D        | Reached XP level 11. HP: 96/96 MP: 10/10
  2837 | D        | Noticed a shining eye
  2837 | D        | Noticed a shining eye
  2837 | D        | Gained mutation: Armour fits poorly on your strangely
                  | shaped body. [a shining eye]
  2837 | D        | Gained mutation: You do not regenerate when monsters are
                  | visible. [a shining eye]
  2839 | D        | Gained mutation: You are dopey. (Int -2) [a shining eye]
  2842 | D        | Killed a shining eye
  2842 | D        | Gained mutation: Your spells are a little easier to cast,
                  | but a little less powerful. [a shining eye]
  2843 | D        | Gained mutation: Your spells are easier to cast, but less
                  | powerful. [a shining eye]
  2845 | D        | Paralysed by a floating eye for 4 turns
  2846 | D        | Gained mutation: Your magical capacity is low. (-10% MP) [a
                  | shining eye]
  2847 | D        | Gained mutation: You have hidden genetic defects. [a
                  | shining eye]
  2848 | D        | Lost mutation: You do not regenerate when monsters are
                  | visible. [a shining eye]
  2853 | D        | Killed a shining eye
  2854 | D        | Gained mutation: You are weak. (Str -2) [a shining eye]
  2855 | D        | Gained mutation: You sometimes lose the ability to read
                  | scrolls when taking damage. [a shining eye]
  2856 | D        | Killed a shining eye
  2863 | D        | Found Qepem's General Store.
  2863 | D        | Found Jenkihe's Distillery.
  2864 | D        | Found Ram Leil's Book Shop.
  2864 | D        | Found Huic's Magic Scroll Boutique.
  2871 | D        | Bought a scroll of acquirement for 520 gold pieces
  2871 | D        | Acquired 1056 gold pieces
  2888 | D        | Bought the +11 great mace "Uneuzuip" {protect, Fragile Fly
                  | rN+ Str+9} for 983 gold pieces
  3179 | D        | Received a gift from Trog
  3186 | D        | Gained mutation: You occasionally shout uncontrollably at
                  | your foes. [hidden defects]
  3202 | D        | Noticed a lindwurm
  3204 | D        | Killed a lindwurm
  3214 | D        | Reached skill level 15 in Armour
  3233 | D        | Received a gift from Trog
  3238 | D        | Reached skill level 5 in Stealth
  3261 | D        | Gained mutation: You are very dopey. (Int -4) [hidden
                  | defects]
  3261 | D        | Lost mutation: You have hidden genetic defects. [hidden
                  | defects expressed]
  3262 | D        | Noticed a 12-headed hydra
  3266 | D        | Killed a 12-headed hydra
  3381 | D        | Noticed a deep elf annihilator
  3402 | D        | Received a gift from Trog
  3407 | D        | Noticed a mummy priest
  3410 | D        | Killed a deep elf annihilator
  3422 | D        | Paralysed by a hornet for 1 turns
  3585 | D        | Noticed an oklob plant
  3590 | D        | Killed a mummy priest
  3591 | D        | Reached XP level 12. HP: 82/107 MP: 9/9
  3601 | D        | Received a gift from Trog
  3875 | D        | Identified the +1 ring mail "Ulaocsis" {rCorr Str-4 Dex+2}
  3893 | D        | Noticed a daeva
  4531 | D        | Noticed a fire giant
  4532 | D        | Noticed a fire giant
  4540 | D        | Killed a fire giant
  4540 | D        | Received a gift from Trog
  4702 | D        | Noticed a fire giant
  4714 | D        | Noticed a fire giant
  4718 | D        | Killed a fire giant
  4724 | D        | Killed a fire giant
  4792 | D        | Killed a fire giant
  4821 | D        | Found the +4 dragonskin cloak
  4821 | D        | Noticed Tiamat
  4823 | D        | Got the Orb of Zot
  4850 | D        | Killed from afar by Tiamat

Illustrated notes

Levels and vault maps discovered:
D:        dungeon_sprint_1 [red_sonja_temple_1, red_sonja_temple_small_1]

Skill      XL: |  1  2  3  4  5  6  7  8  9 10 11 12 |
---------------+-------------------------------------+-----
Fighting       | 5 7 9 10 11 12 14 16 18 20 22 | 22.3
Maces & Flails | 5 7 10 11 12 13 15 17 18 20 22 | 22.1
Armour         | 3 4 5 6 7 9 11 13 16 17 | 17.4
Dodging        | 3 4 5 7 8 9 11 13 | 13.4
Stealth        | 1 2 3 4 5 |  5.0

Action                   |  1- 3 |  4- 6 |  7- 9 | 10-12 || total
-------------------------+-------+-------+-------+-------++-------
Melee: Mace              |    10 |    12 |    46 |    41 ||   109
       Headbutt          |     3 |     3 |    16 |    43 ||    65
       Punch             |       |       |     1 |       ||     1
       Dire flail        |       |       |       |    35 ||    35
       Great mace        |       |       |       |    96 ||    96
Invok: Berserk           |     2 |     3 |     4 |     9 ||    18
Evoke: Wand              |       |       |       |     1 ||     1
  Use: Scroll            |       |       |     1 |     3 ||     4
       Potion            |       |       |     1 |     2 ||     3
Armor: Animal skin       |     1 |       |       |       ||     1
       Ring mail         |       |     3 |    18 |    18 ||    39
       Chain mail        |       |       |       |    80 ||    80
Dodge: Dodged            |     3 |     1 |    28 |    87 ||   119
